 Dungeon Crawl Stone Soup version 0.16-a0-3880-g9314259 (webtiles) character file.

750363 Gorice the Acrobat (level 27, -5/226 (234) HPs)
             Began as a Demigod Wanderer on Jan 22, 2015.
             Killed by divine providence
             ... invoked by a daeva
             ... led by a seraph
              (14 damage)
             ... on level 4 of the Realm of Zot on Feb 1, 2015.
             The game lasted 1day 00:11:27 (138702 turns).

Gorice the Acrobat (Demigod Wanderer)          Turns: 138702, Time: 1, 00:11:28

HP:   -5/226 (234)  AC: 49    Str: 18    XL:     27
MP:   41/47         EV: 26    Int: 31    God:
Gold: 4926          SH:  0    Dex: 16    Spells: 16 memorised, 6 levels left

rFire  + . .     SeeInvis .     a - +9 great mace (protect)
rCold  + . .     Clarity  .     K - +8 pearl dragon armour
rNeg   + . .     SustAb   +     (no shield)
rPois  .         Gourm    .     s - +0 helmet
rElec  +         Spirit   .     n - +0 cloak of Starlight {rElec rC+ EV+4 Stlth-}
rCorr  .         Warding  .     T - +2 pair of gloves {Str+3}
rMut   +         Stasis   .     U - +2 pair of boots {Fly}
MR     ++...                    l - amulet of resist mutation
Stlth  ..........               F - ring of protection from fire
                                J - ring of Robustness {AC+8}

@: flying, very slightly contaminated, hasted, glowing, repel missiles, drained,
very quick, very resistant to hostile enchantments, extremely unstealthy
A: clumsy 1, sustain abilities
a: Stop Flying
0: Orb of Zot
}: 4/15 runes: serpentine, barnacled, slimy, silver


You were on level 4 of the Realm of Zot.
You were not hungry.

You visited 13 branches of the dungeon, and saw 67 of its levels.
You visited the Abyss 1 time.
You visited 1 bazaar.
You also visited: Labyrinth, Ice Cave and Wizlab.

You collected 10845 gold pieces.
You spent 5919 gold pieces at shops.

Inventory:

Hand weapons
 a - a +9 great mace of protection (weapon)
   (You took it off a vault guard on level 14 of the Dungeon)
 b - the +1 eveningstar "Pybramm" {drain, rF++ MR+ Dex-4 SInv}
   (You acquired it on level 4 of the Snake Pit)

   A truly terrible weapon, it drains the life of those it strikes.
   It affects your dexterity (-4).
   It greatly protects you from fire.
   It affects your resistance to hostile enchantments.
   It enhances your eyesight.
 f - a +3 great mace of freezing
   (You took it off an ancient champion on level 1 of the Crypt)
 v - a +8 vampiric great mace
   (You took it off a two-headed ogre on level 1 of the Vaults)
 B - the +8 blowgun "Lawo" {speed, Str+2}
   (You found it on level 4 of the Depths)

   Attacks with this weapon are significantly faster.
   It affects your strength (+2).
Missiles
 M - 14 curare-tipped needles
Armour
 n - the +0 cloak of Starlight (worn) {rElec rC+ EV+4 Stlth-}
   (You found it on level 2 of the Vaults)

   It affects your evasion (+4).
   It protects you from cold.
   It insulates you from electricity.
   It makes you less stealthy.
 s - a +0 helmet (worn)
 K - a +8 pearl dragon armour (worn)
 T - a +2 pair of gloves of strength (worn)
   (You found it on level 6 of the Pits of Slime)
 U - a +2 pair of boots of flying (worn)
   (You found it in a labyrinth)
Rods
 D - a +4 lightning rod (11/11) {!a}
   (You found it in a labyrinth)
 L - a +4 rod of destruction (11/11) {!a}
   (You found it on level 3 of the Elven Halls)
 N - a +6 rod of clouds (14/14) {!a}
   (You found it in a labyrinth)
Jewellery
 c - an uncursed amulet of clarity
 d - the ring "Chow" {Wiz MR+}
   (You bought it in a shop on level 10 of the Dungeon)

   [ring of wizardry]

   It improves your spell success rate.
   It affects your resistance to hostile enchantments.
 l - an amulet of resist mutation (around neck)
 y - an uncursed amulet of regeneration
 A - an uncursed ring of poison resistance
 C - an uncursed ring of protection from cold
 F - a ring of protection from fire (right hand)
 I - an uncursed ring of positive energy
 J - the ring of Robustness (left hand) {AC+8}
   (You found it on level 6 of the Pits of Slime)

   [ring of protection]

   It affects your AC (+8).
Magical devices
 h - a wand of disintegration (9)
 j - a wand of heal wounds (4) {!d}
 o - a wand of teleportation (4) {!d}
 E - a wand of digging (16)
Scrolls
 g - 20 scrolls of remove curse
 r - 3 scrolls of blinking
 w - 20 scrolls of identify
 O - 9 scrolls of teleportation {!r}
 Q - 4 scrolls of fear {!r}
 R - 8 scrolls of fog
 S - 3 scrolls of summoning {!r}
 V - 11 scrolls of magic mapping {!r}
 W - 7 scrolls of recharging
Potions
 e - 3 potions of curing
 i - 8 potions of magic {!q}
 k - 11 potions of restore abilities {!q}
 p - 4 potions of resistance {!q}
 q - 2 potions of agility {!q}
 t - 10 potions of brilliance {!q}
 G - 11 potions of haste {!q}
 H - 7 potions of cancellation {!q}
Comestibles
 m - 29 fruits
 u - 3 chunks of flesh
 z - 11 meat rations {!e}


   Skills:
 + Level 16.8(15.9) Fighting
 - Level 20.0(19.0) Maces & Flails
 - Level 17.5(16.5) Armour
 - Level 21.0(19.9) Dodging
 - Level 6.1(5.4) Stealth
   Level 1.0(0.3) Shields
 - Level 18.4(17.4) Spellcasting
 - Level 15.4(14.4) Conjurations
   Level 1.0(0.3) Hexes
 - Level 15.0(14.0) Charms
 - Level 6.0(5.2) Summonings
 - Level 1.0(0.3) Necromancy
 + Level 7.7(6.9) Translocations
 - Level 14.2(13.3) Fire Magic
 - Level 5.0(4.3) Air Magic
 - Level 6.7(5.9) Evocations


You had 6 spell levels left.
You knew the following spells:

 Your Spells              Type           Power        Failure   Level  Hunger
a - Magic Dart            Conj           ####         0%          1    None
b - Conjure Flame         Conj/Fire      #######.     1%          3    None
c - Mephitic Cloud        Conj/Pois/Air  ######..     1%          3    None
d - Iskenderun's Mystic   Conj           #######.     1%          4    None
e - Fireball              Conj/Fire      #######...   1%          5    None
f - Bolt of Fire          Conj/Fire      #######...   1%          6    #......
g - Sublimation of Blood  Necr           ####......   6%          2    None
h - Orb of Destruction    Conj           #######...   12%         7    ####...
B - Summon Butterflies    Summ           ######..     1%          1    None
D - Abjuration            Summ           ######....   1%          3    None
H - Haste                 Chrm           #######.     1%          6    #......
J - Blink                 Tloc           N/A          1%          2    None
M - Repel Missiles        Chrm/Air       ######       1%          2    None
P - Phase Shift           Tloc           ######....   10%         5    None
S - Swiftness             Chrm/Air       ######..     1%          2    None
T - Control Teleport      Chrm/Tloc      #######...   1%          4    None


Dungeon Overview and Level Annotations

Branches:
Dungeon (15/15)            Temple (1/1) D:7            Lair (8/8) D:10
 Shoals (5/5) Lair:3        Snake (5/5) Lair:6        Slime (6/6) Lair:8
    Orc (4/4) D:11            Elf (3/3) Orc:4        Vaults (5/5) D:14
  Crypt (3/3) Vaults:3       Tomb (2/3) Crypt:3      Depths (5/5) D:15
    Zot (5/5) Depths:5

Shops:
D:10 =!*   Orc:3 }   Orc:4 %?*[   Shoals:1 %   Snake:2 (   Vaults:5 *:
Depths:1 *   Depths:2 *

Portals:
Hell: Depths:1 Depths:2 Depths:3 Depths:4 Depths:5
Abyss: Depths:4
Pandemonium: Depths:3
Ziggurat: Depths:5

Annotations:
D:11 pUX: obs and orange statues, exclusions: obsidian statue and orange crystal statue
D:13 runed door
D:15 SpBe + def somewhere
Shoals:5 exclusion: Roxanne, Roxanne
Snake:4 exclusion: downstairs
Crypt:1 runed door
Tomb:2 Mara


Innate Abilities, Weirdness & Mutations

Your attributes are resistant to harm.
You are clumsy. (Dex -2)


Message History

The Orb Guardian barely misses you.
The seraph gestures.
The seraph begins to accept its allies' injuries.
The daeva calls down the wrath of the Shining One upon you.
Something smites you!
* * * LOW HITPOINT WARNING * * *
The daeva calls down the wrath of the Shining One upon you.
Something smites you!
* * * LOW HITPOINT WARNING * * *
The Orb Guardian hits you but does no damage.
The daeva calls down the wrath of the Shining One upon you.
Something smites you!
* * * LOW HITPOINT WARNING * * *
The seraph shouts a warning to its allies!
A pale draconian zealot comes into view.
You take 41 damage.
Evoke which item? (* to show all) (? for menu, Esc to quit)
Zapping:
j - a wand of heal wounds (5) {!d}
Press: ? - help, Shift-Dir - straight line, f - you You feel much better.
This wand has 4 charges left.
The angel hits you but does no damage. The angel completely misses you.
The Orb Guardian hits you.
* * * LOW HITPOINT WARNING * * *
Casting: Haste
Confirm with . or Enter, or press ? or * to list all spells.
The orb prevents control of your teleportation!
You blink.
The cherub's lion-head roars!
The cherub shoots a stone.
The stone barely misses you.
The stone dissolves into sparkling lights!
The pale draconian shifter gestures at you while chanting.
You resist with some effort. The angel completely misses you. x2
The seraph gestures.
The seraph begins to accept its allies' injuries.
The seraph shouts a warning to its allies!
The Orb Guardian hits you but does no damage.
The cherub sings a powerful hymn!
The holy creatures are roused to righteous anger!
The daeva calls down the wrath of the Shining One upon you.
Something smites you!
* * * LOW HITPOINT WARNING * * *
The cherub's eagle-head screeches!
You take 11 damage.
The seraph calls down the wrath of the Shining One upon you.
Something smites you!
* * * LOW HITPOINT WARNING * * *
The daeva calls down the wrath of the Shining One upon you.
Something smites you!
You die...

#....#.# #.....≈≈≈≈A≈.........§≈§
#....#.# #.....<≈.AA.A..^.....§≈.
#....#.# #...).........≈≈≈≈≈...§.
#....#.# #......≈≈≈≈AA.≈≈≈≈≈≈....
####.#.# #....≈≈≈≈≈≈..≈§≈≈≈§≈....
...#.#.###.....≈≈A≈..............
##.#.#............X...........≈..
.#.#.#####^.....A................
.#.#............@................
)......).#.......................
.#.#####.#........###############
.#.#...#)#.###########.......#
.#.#.#.#)#)#.........#.......#
.).#.#.#)#.#.#######.#.......#
)###.#.#.#.#.# #.#.......#
.:...#.#.#.#.# #.#.......#
[..#.#.#.#.#.# #.#.......#


You could see a seraph (roused), a daeva (roused), 3 angels, an Orb Guardian and
a cherub.

Vanquished Creatures
  the royal jelly (Slime:6)
  8 orbs of fire
  13 ancient liches
  2 greater mummies (Tomb:1)
  Boris (Vaults:4)
  Margery (Depths:2)
  Norris (Vaults:1)
  Saint Roka (Depths:2)
  A curse toe (Zot:4)
  4 Killer Klowns
  A caustic shrike (Depths:2)
  Mennas (Crypt:1)
  8 golden dragons
  the Enchantress (Depths:1)
  A bone dragon (Zot:1)
  4 electric golems
  17 tentacled monstrosities
  8 liches
  Vashnia (Snake:4)
  22 Orb Guardians (Zot:5)
  3 titans
  A Cloud Mage (WizLab)
  2 deep elf master archers (Elf:3)
  7 quicksilver dragons
  3 deep elf blademasters
  Asterion (D:15)
  13 acid blobs
  A Shadow Fiend (Zot:4)
  Polyphemus (Shoals:4)
  An Executioner (Abyss:1)
  2 octopode crushers
  4 tentacled starspawn
  Rupert (Elf:2)
  Agnes (Shoals:2)
  7 ancient champions
  10 sphinxes
  Kirke (Elf:2)
  22 storm dragons
  3 tengu reavers (Vaults:5)
  15 shadow dragons
  3 draconian monks
  Frances (Elf:2)
  8 revenants
  10 fire giants
  Ilsuiw (Shoals:5)
  7 greater nagas
  The ghost of Johnny the Peltast, a mighty OpFi of Trog (Lair:8)
  Maud (Shoals:1)
  9 azure jellies
  6 frost giants
  4 iron dragons
  16 vault wardens
  8 draconian knights
  A ghost moth (Zot:5)
  8 deep elf sorcerers
  6 draconian zealots
  A cacodemon (Abyss:1)
  6 draconian scorchers
  Aizul (Vaults:1)
  The ghost of emiel the Imperceptible, a mighty SpBe of Trog (Shoals:4)
  Louise (Shoals:3)
  2 curse skulls
  The ghost of 4thArraOfDagon the Spear-Bearer, a mighty VSAr of Qazlal (Elf:3)
  5 ghouls
  20 ironheart preservers
  2 draconian annihilators
  6 war gargoyles
  4 spriggan defenders
  6 draconian shifters
  18 stone giants
  4 reapers
  17 very ugly things
  A draconian caller (Zot:5)
  7 vampire knights
  5 grey draconians
  6 green draconians
  4 deep elf demonologists
  12 yellow draconians
  4 rakshasas
  Azrael (Elf:2)
  5 red draconians
  5 deep elf annihilators
  4 pale draconians
  13 dire elephants
  12 white draconians
  7 mottled draconians
  6 black draconians
  3 purple draconians
  4 eidola
  3 unborn
  2 crystal guardians
  10 death oozes
  10 deep elf death magi
  8 merfolk javelineers
  4 mummy priests
  10 ettins
  5 jiangshi (Crypt:3)
  34 vault guards
  15 fire dragons
  7 death cobs
  A blizzard demon (Abyss:1)
  11 merfolk impalers
  2 quicksilver dragon zombies
  15 great orbs of eyes
  4 minotaurs
  7 deep elf high priests
  13 yaktaur captains
  15 ice dragons
  A hell beast (Vaults:5)
  26 naga warriors
  Harold (Lair:8)
  A quicksilver dragon skeleton (Crypt:1)
  6 spriggan air magi
  Nessos (Orc:3)
  A satyr (Shoals:3)
  8 centaur warriors
  11 hydras
  3 merfolk avatars
  Erica (D:11)
  An alligator snapping turtle (Shoals:5)
  15 anacondas
  16 dancing weapons
  22 death yaks
  6 deep troll earth magi
  22 ogre magi
  6 thrashing horrors
  6 merfolk aquamancers
  3 tengu warriors
  A death knight (Crypt:2)
  5 deep troll shamans
  2 titan zombies (Crypt:1)
  6 shock serpents
  17 naga sharpshooters
  A hell hog (Abyss:3)
  Urug (D:11)
  2 storm dragon zombies
  9 spriggan berserkers
  5 catoblepae
  3 shadow wraiths
  3 soul eaters (Crypt:1)
  A sun demon (Abyss:3)
  Nergalle (D:14)
  4 fire crabs
  4 vampire magi
  8 hell knights
  5 wretched stars
  A giant orange brain (shapeshifter) (Vaults:4)
  A death drake (Abyss:1)
  24 deep trolls
  22 deep elf knights
  9 sea snakes
  A ghost moth zombie (Crypt:3)
  A golden dragon zombie (Crypt:3)
  2 ice devils
  An anaconda zombie (Crypt:3)
  4 giant orange brains
  20 skeletal warriors
  4 unseen horrors
  9 flayed ghosts
  14 death scarabs (Tomb:1)
  A putrid demonspawn (Depths:3)
  5 wizards
  A gelid demonspawn (Depths:3)
  5 lindwurms
  6 naga ritualists
  14 deep elf summoners
  14 ironbrand convokers
  22 deep elf conjurers
  9 hill giants
  An anaconda skeleton (Crypt:3)
  A draconian zombie (Zot:3)
  13 orc knights
  2 stone giant zombies
  A frost giant zombie (Depths:4)
  An iron dragon zombie (Crypt:2)
  A tengu zombie (Depths:4)
  A harpy (shapeshifter) (Depths:2)
  7 shining eyes
  A wolf spider (shapeshifter) (Vaults:5)
  3 anubis guards
  20 harpies
  11 fauns
  13 mana vipers
  28 griffons
  3 orc sorcerers
  A salamander (shapeshifter) (Vaults:5)
  3 wolf spiders
  2 tengu skeletons (Depths:4)
  47 ugly things
  14 phantasmal warriors
  7 guardian serpents
  27 moths of wrath
  9 cyclopes
  14 salamanders
  A hornet (shapeshifter) (Vaults:2)
  A guardian serpent (shapeshifter) (Vaults:1)
  2 apocalypse crabs
  An octopode (shapeshifter) (Depths:4)
  2 iron dragon skeletons (Crypt:3)
  14 manticores
  10 water nymphs
  5 elephants
  A frost giant skeleton (Depths:4)
  17 vault sentinels
  A shock serpent zombie (Crypt:2)
  15 necromancers
  A water nymph (shapeshifter) (Depths:4)
  4 human skeletons
  A stone giant skeleton (Crypt:3)
  4 drowned souls
  10 fire giant skeletons (Crypt:3)
  2 hornets (Vaults:4)
  6 sixfirhies
  9 sirens
  A worldbinder (Abyss:3)
  2 centaur zombies
  8 gargoyles
  A rust devil (Abyss:1)
  A hellion (Depths:3)
  A dire elephant zombie (Crypt:3)
  2 torpor snails
  40 black mambas
  22 naga magi
  15 spiny frogs
  A queen ant (Lair:7)
  4 orange demons
  Psyche (Orc:1)
  2 smoke demons
  A komodo dragon (shapeshifter) (Depths:4)
  A black draconian zombie (Zot:2)
  An emperor scorpion zombie (Crypt:1)
  42 yaktaurs
  2 yaktaurs (shapeshifter) (Vaults:4)
  A demonic crawler (Elf:1)
  7 komodo dragons
  A white draconian zombie (Zot:1)
  3 kobold demonologists
  An eye of devastation (Slime:1)
  A redback zombie (D:15)
  5 blue devils
  A fire drake (shapeshifter) (Vaults:4)
  8 freezing wraiths
  18 deep elf priests
  39 merfolk
  4 ancient zymes
  9 guardian mummies
  A spectral glowing shapeshifter (Depths:4)
  5 tengu conjurers
  A golden dragon simulacrum (Depths:4)
  4 hellwings
  3 minotaur zombies
  A hydra zombie (Crypt:1)
  36 two-headed ogres
  83 slime creatures
  37 blink frogs
  A jumping spider (Vaults:2)
  Sonja (D:13)
  5 polar bears
  A polar bear (shapeshifter) (Vaults:5)
  11 ravens
  A shadow dragon simulacrum (Crypt:2)
  3 alligator zombies
  Prince Ribbit (D:8)
  A jumping spider (shapeshifter) (Vaults:5)
  A catoblepas zombie (Crypt:1)
  8 ushabtiu (Tomb:1)
  A minotaur skeleton (Crypt:2)
  12 raiju
  10 wind drakes
  A harpy skeleton (Tomb:1)
  2 elf zombies
  An ettin zombie (Crypt:3)
  6 trolls
  A baby alligator (shapeshifter) (Vaults:4)
  A frost giant simulacrum (Vaults:3)
  An iron dragon simulacrum (Depths:4)
  10 boulder beetles
  An ice dragon zombie (Zot:3)
  10 snapping turtles
  A redback (Elf:1)
  A trapdoor spider (Tomb:1)
  A basilisk (Lair:8)
  7 fire dragon skeletons
  2 redbacks (shapeshifter) (Vaults:5)
  5 wraiths
  12 flying skulls
  45 yaks
  A spriggan (D:15)
  2 hogs (D:13)
  3 hungry ghosts
  8 shadows
  3 ettin skeletons
  4 ynoxinuls
  10 vampires
  A centaur simulacrum (D:15)
  5 steam dragons
  22 water elementals
  40 air elementals
  Eustachio (Orc:2)
  28 deep elf magi
  43 deep elf fighters
  5 chaos spawn
  A fire elemental (Elf:2)
  Grum (D:8)
  15 hippogriffs
  4 neqoxecs
  5 wargs
  A hippogriff (shapeshifter) (Depths:4)
  20 wolves
  7 golden eyes
  4 mottled dragons
  6 insubstantial wisps (WizLab)
  9 vampire mosquitoes
  An elf simulacrum (Vaults:3)
  6 soldier ants (Lair:7)
  A yaktaur simulacrum (Vaults:1)
  A baby alligator zombie (Crypt:2)
  A gelid demonspawn zombie (Crypt:2)
  29 water moccasins
  4 large abominations
  A soldier ant (shapeshifter) (Vaults:3)
  99 nagas
  A deep troll skeleton (Crypt:2)
  6 hell hounds (Elf:2)
  8 porcupines
  An alligator simulacrum (Crypt:3)
  2 necrophages
  A spider (shapeshifter) (Vaults:5)
  4 phantoms
  47 orc warriors
  A wasp (D:14)
  An ettin simulacrum (Vaults:3)
  6 black bears
  12 small abominations
  6 eyes of draining
  An elephant zombie (Crypt:1)
  A lindwurm zombie (Crypt:1)
  A snapping turtle zombie (Crypt:2)
  2 swamp dragon zombies
  2 sky beasts
  A boggart (shapeshifter) (Vaults:5)
  10 boggarts
  16 ice beasts
  64 ogres
  A wasp (shapeshifter) (D:15)
  24 centaurs
  A lindwurm skeleton (Crypt:2)
  8 boring beetles
  A manticore skeleton (Crypt:3)
  Duvessa (D:8)
  4 big kobolds
  6 lost souls
  17 crocodiles
  2 brain worms
  21 giant frogs
  A glowing shapeshifter simulacrum (Vaults:2)
  A wyvern zombie (D:9)
  A wyvern skeleton (D:8)
  21 killer bees
  4 scorpions
  A spiny frog simulacrum (Tomb:2)
  A swamp dragon simulacrum (Crypt:3)
  12 wights
  A killer bee (shapeshifter) (Vaults:5)
  12 crimson imps
  A wolf zombie (Crypt:2)
  2 goliath beetles (D:5)
  Dowan (D:8)
  2 giant frog zombies
  10 iguanas
  21 orc priests
  26 starcursed masses
  4 iron imps
  4 human zombies
  3 giant frog skeletons
  3 quasits
  5 centaur skeletons
  32 orc wizards
  27 jellies
  18 hell rats
  9 hounds
  34 worker ants
  2 killer bee zombies
  A porcupine skeleton (Crypt:2)
  17 sheep
  A sky beast zombie (Crypt:1)
  A naga skeleton (Crypt:3)
  33 mummies
  A dwarf skeleton (Crypt:2)
  6 gnolls
  2 worker ant zombies
  27 adders
  53 river rats
  4 giant mites
  4 worms
  4 shadow imps
  5 ufetubi (Elf:3)
  2 white imps
  An adder skeleton (D:4)
  An adder zombie (D:7)
  187 orcs
  20 bats
  A bat skeleton (D:4)
  A bat zombie (D:5)
  6 giant cockroaches
  23 goblins
  22 hobgoblins
  12 jackals
  26 kobolds
  A giant cockroach zombie (D:5)
  4 giant geckos
  7 giant newts
  A giant spore (D:10)
  A kobold zombie (Crypt:2)
  A lurking horror (Abyss:1)
  17 quokkas
  A quokka zombie (Crypt:1)
  14 rats
  12 ballistomycetes (D:10)
  3 fungi (Lair:8)
  2 plants
3457 creatures vanquished.

Vanquished Creatures (collateral kills)
  A merfolk avatar (Shoals:2)
  A hell rat (Elf:1)
2 creatures vanquished.

Vanquished Creatures (others)
  An ironheart preserver (Vaults:4)
  A draconian shifter (Zot:5)
  A green draconian (Zot:3)
  A deep elf demonologist (Elf:1)
  A reaper (Crypt:1)
  A black draconian (Zot:2)
  A lorocyproca (Abyss:3)
  A fire dragon (Depths:5)
  Fannar (D:15)
  2 ice dragons
  A spriggan air mage (Depths:2)
  An ogre mage (Vaults:4)
  A spriggan berserker (Depths:5)
  A shadow wraith (Crypt:1)
  An orc knight (Vaults:4)
  A hill giant (shapeshifter) (Depths:2)
  A harpy (Vaults:4)
  2 deep elf conjurers
  A moth of wrath (Zot:5)
  2 sirens
  30 drowned souls
  A troll (shapeshifter) (Vaults:4)
  2 two-headed ogres (Vaults:5)
  3 deep elf magi
  A wraith (Crypt:1)
  6 humans (Elf:2)
  A large abomination (Vaults:5)
  4 deep elf fighters
  A naga (Snake:5)
  An orc warrior (Depths:3)
  An ice beast (Elf:2)
  A boggart (Depths:2)
  5 lost souls
  An ogre (Vaults:5)
  A giant frog (D:15)
  A killer bee (D:14)
  An orc priest (Vaults:2)
  2 small abominations (Abyss:3)
  A tengu zombie (Abyss:3)
  A lurking horror (Abyss:2)
  34 butterflies
  18 fungi
  8 plants
  15 starspawn tentacles
  54 starspawn tentacle segments
217 creatures vanquished.

Grand Total: 3676 creatures vanquished

Notes
Turn   | Place    | Note
--------------------------------------------------------------
     0 | D:1      | Gorice, the Demigod Wanderer, began the quest for the Orb.
     0 | D:1      | Gorice set off with: a book of Minor Magic, a +0 ring mail, a +0 mace, a bread ration
     0 | D:1      | Reached XP level 1. HP: 16/16 MP: 3/3
   244 | D:1      | Noticed a hound
   244 | D:1      | Noticed an iguana
   244 | D:1      | Noticed a five-headed hydra
   244 | D:1      | Noticed a black bear
   244 | D:1      | Noticed a swamp worm
   518 | D:1      | Reached XP level 2. HP: 17/23 MP: 4/4
   721 | D:1      | Reached skill level 2 in Maces & Flails
   957 | D:1      | Reached skill level 3 in Armour
  1324 | D:1      | Reached XP level 3. HP: 25/28 MP: 6/6
  1327 | D:1      | Learned a level 1 spell: Magic Dart
  1918 | D:1      | Reached skill level 1 in Conjurations
  2406 | D:1      | Reached XP level 4. HP: 25/35 MP: 8/8
  2693 | D:2      | Reached skill level 3 in Maces & Flails
  2987 | D:2      | Found a glowing silver altar of Zin.
  2988 | D:2      | Found an opulent altar of Gozag.
  3169 | D:3      | Found a sparkling altar of Nemelex Xobeh.
  3573 | D:3      | Reached skill level 2 in Conjurations
  3573 | D:3      | Reached XP level 5. HP: 35/40 MP: 7/10
  4444 | D:4      | Reached skill level 4 in Armour
  4629 | D:4      | Found a radiant altar of Vehumet.
  5318 | D:5      | Entered Level 5 of the Dungeon
  5360 | D:5      | Reached XP level 6. HP: 47/47 MP: 3/12
  5432 | D:5      | Reached skill level 3 in Conjurations
  5653 | D:5      | Found a snail-covered altar of Cheibriados.
  6469 | D:5      | Reached skill level 4 in Maces & Flails
  6603 | D:6      | Reached XP level 7. HP: 39/52 MP: 3/14
  6731 | D:6      | Reached skill level 5 in Armour
  6749 | D:6      | Reached skill level 4 in Conjurations
  7004 | D:6      | Reached skill level 5 in Maces & Flails
  7091 | D:6      | --Pearl Dragon Hide on D6 and I have a ?EA...
  7512 | D:5      | Reached XP level 8. HP: 45/59 MP: 15/15
  7971 | D:6      | Reached skill level 5 in Conjurations
  8032 | D:7      | Reached skill level 6 in Armour
  8299 | D:7      | Upgraded the game from 0.16-a0-3736-g4b94454 to 0.16-a0-3758-g7fc8210
  8330 | D:7      | Reached skill level 2 in Spellcasting
  8554 | D:7      | Reached skill level 6 in Maces & Flails
  9069 | D:7      | Reached skill level 3 in Spellcasting
  9456 | D:7      | Found a staircase to the Ecumenical Temple.
  9492 | D:7      | Reached skill level 7 in Armour
  9492 | D:7      | Reached XP level 9. HP: 53/64 MP: 18/21
  9498 | D:7      | Got a crude mace
  9521 | Temple   | Entered the Ecumenical Temple
  9539 | Temple   | Identified the +5 mace of Patterns {vamp, +Blink HP-9} (You found it on level 7 of the Dungeon)
 10090 | D:7      | Reached skill level 7 in Maces & Flails
 10334 | D:8      | Noticed Grum
 10602 | D:8      | Killed Grum
 10602 | D:8      | Reached skill level 6 in Conjurations
 11189 | D:8      | Reached skill level 8 in Armour
 11230 | D:8      | Noticed Prince Ribbit
 11275 | D:8      | Killed Prince Ribbit
 11512 | D:8      | Reached skill level 8 in Maces & Flails
 11660 | D:8      | Noticed Dowan
 11674 | D:8      | Killed Dowan
 11719 | D:8      | Noticed Duvessa
 11735 | D:8      | Killed Duvessa
 11741 | D:8      | Reached skill level 7 in Conjurations
 11949 | D:9      | Reached XP level 10. HP: 67/71 MP: 18/22
 12301 | D:8      | Learned a level 3 spell: Conjure Flame
 12799 | D:10     | Entered Level 10 of the Dungeon
 13153 | D:10     | Reached skill level 9 in Armour
 13214 | D:10     | Found a staircase to the Lair.
 13437 | D:10     | Found Joyngasa's Assorted Antiques.
 13448 | D:10     | Bought 2 scrolls of identify for 120 gold pieces
 13448 | D:10     | Bought a fuming amethyst potion for 27 gold pieces
 13448 | D:10     | Bought a coiled ivory ring for 150 gold pieces
 13450 | D:10     | Identified the cursed ring "Frashev" {MR+ Int+4 Dex-3} (You bought it in a shop on level 10 of the Dungeon)
 13635 | D:10     | Found Teemp's Distillery.
 13660 | D:10     | Bought a potion of cancellation for 104 gold pieces
 13660 | D:10     | Bought a potion of curing for 39 gold pieces
 13660 | D:10     | Bought a potion of curing for 39 gold pieces
 13695 | D:10     | Found Zeckirap's Jewellery Boutique.
 13723 | D:10     | Noticed a hill giant
 13780 | D:10     | Killed a hill giant
 13780 | D:10     | Reached skill level 8 in Conjurations
 13817 | D:10     | Reached skill level 9 in Maces & Flails
 13829 | D:10     | Bought a scroll of enchant armour for 225 gold pieces
 13871 | D:9      | Identified a scroll of acquirement
 13920 | Lair:1   | Entered Level 1 of the Lair of Beasts
 15252 | Lair:1   | Reached XP level 11. HP: 31/77 MP: 23/23
 15429 | Lair:1   | Noticed a four-headed hydra
 15442 | Lair:1   | Killed a four-headed hydra
 15523 | Lair:1   | Reached skill level 9 in Conjurations
 15634 | Lair:2   | Reached skill level 10 in Armour
 16574 | Lair:3   | Found a staircase to the Shoals.
 16767 | Lair:3   | Upgraded the game from 0.16-a0-3758-g7fc8210 to 0.16-a0-3770-gc215ce9
 17021 | Lair:3   | Reached skill level 10 in Maces & Flails
 17339 | Lair:3   | Noticed a seven-headed hydra
 17371 | Lair:3   | Killed a seven-headed hydra
 18319 | Lair:4   | Reached skill level 10 in Conjurations
 19160 | Lair:5   | Reached skill level 11 in Armour
 19280 | Lair:5   | Reached skill level 4 in Spellcasting
 19280 | Lair:5   | Reached XP level 12. HP: 83/83 MP: 20/26
 19486 | Lair:5   | Noticed a seven-headed hydra
 19500 | Lair:5   | Killed a seven-headed hydra
 19500 | Lair:5   | Reached skill level 11 in Maces & Flails
 20030 | D:10     | Bought the ring "Chow" {Wiz MR+} for 468 gold pieces
 20109 | Lair:1   | Learned a level 1 spell: Summon Butterflies
 20112 | Lair:1   | Learned a level 2 spell: Repel Missiles
 20969 | Lair:6   | Reached skill level 5 in Spellcasting
 21080 | Lair:6   | Found a staircase to the Snake Pit.
 21364 | Lair:6   | Noticed a four-headed hydra
 21375 | Lair:6   | Killed a four-headed hydra
 22318 | Lair:7   | Noticed an eight-headed hydra
 22328 | Lair:7   | Killed an eight-headed hydra
 22436 | Lair:7   | Reached skill level 6 in Spellcasting
 22484 | Lair:7   | Reached skill level 12 in Armour
 23020 | Lair:7   | Reached skill level 12 in Maces & Flails
 23533 | Lair:8   | Entered Level 8 of the Lair of Beasts
 23698 | Lair:8   | Reached XP level 13. HP: 72/89 MP: 26/30
 23774 | Lair:8   | Found a frozen archway.
 24011 | IceCv    | Entered an ice cave
 24374 | Lair:8   | Noticed a five-headed hydra
 24382 | Lair:8   | Killed a five-headed hydra
 24491 | Lair:8   | Reached skill level 7 in Spellcasting
 25017 | Lair:8   | Found a staircase to the Slime Pits.
 25445 | Lair:8   | Noticed Harold
 25485 | Lair:8   | Killed Harold
 26275 | Lair:5   | Reached skill level 13 in Armour
 26374 | Lair:1   | Learned a level 3 spell: Abjuration
 26422 | D:11     | Noticed Erica
 26445 | D:11     | Killed Erica
 26550 | D:11     | Reached skill level 1 in Summonings
 27042 | D:11     | Noticed Urug
 27063 | D:11     | Killed Urug
 27063 | D:11     | Reached skill level 13 in Maces & Flails
 27063 | D:11     | Reached skill level 2 in Summonings
 27317 | D:11     | Found a staircase to the Orcish Mines.
 27711 | Orc:1    | Entered Level 1 of the Orcish Mines
 27711 | Orc:1    | Noticed Psyche
 27722 | Orc:1    | Killed Psyche
 28221 | Orc:2    | Noticed Eustachio
 28232 | Orc:2    | Killed Eustachio
 28659 | Orc:3    | Found Uddun's Gadget Shoppe.
 28769 | Orc:3    | Noticed Nessos
 29549 | D:12     | Reached skill level 1 in Charms
 29750 | D:12     | Found a labyrinth entrance.
 29773 | Lab      | Entered a labyrinth
 29892 | Lab      | Reached skill level 1 in Air Magic
 29934 | Lab      | Identified the Catalogue of Obsession
 29950 | Lab      | Identified a +6 rod of clouds (14/14) (You found it in a labyrinth)
 30943 | D:12     | Reached skill level 2 in Charms
 30943 | D:12     | Reached XP level 14. HP: 96/96 MP: 30/32
 31123 | D:12     | Reached skill level 2 in Air Magic
 31863 | D:13     | Found a huge runed gate.
 31864 | D:13     | Found a huge runed gate.
 31865 | D:13     | Found a huge runed gate.
 31866 | D:13     | Found a huge runed gate.
 31954 | D:13     | Noticed Sonja
 31974 | D:13     | Killed Sonja
 32294 | D:10     | Bought an uncursed amulet of resist mutation for 440 gold pieces
 32294 | D:10     | Bought an uncursed ring of see invisible for 165 gold pieces
 32918 | D:13     | Reached skill level 3 in Charms
 32922 | D:13     | Reached skill level 3 in Air Magic
 33418 | D:14     | Found a gate to the Vaults.
 33466 | D:14     | Reached skill level 4 in Air Magic
 33484 | D:14     | Reached skill level 4 in Charms
 33559 | D:14     | Reached skill level 3 in Summonings
 34320 | D:14     | Noticed Nergalle
 34345 | D:14     | Killed Nergalle
 34711 | D:13     | Reached skill level 14 in Armour
 34876 | Lair:4   | Noticed an eight-headed hydra
 34884 | Lair:4   | Killed an eight-headed hydra
 35209 | D:15     | Entered Level 15 of the Dungeon
 35571 | D:15     | Got a transparent glass ring
 35572 | D:15     | Noticed Fannar
 35612 | D:15     | Killed Fannar
 35639 | D:15     | Identified the Incunabulum of Black Magic
 35757 | D:15     | Reached skill level 5 in Charms
 35757 | D:15     | Reached skill level 4 in Summonings
 35765 | D:15     | Reached skill level 5 in Air Magic
 36091 | D:15     | Found a sacrificial altar of Ru.
 36758 | D:15     | Identified the ring "Smiafry" {rElec Str+3 Stlth-} (You found it on level 15 of the Dungeon)
 36776 | D:15     | Reached skill level 14 in Maces & Flails
 36832 | D:15     | Found a staircase to the Depths.
 36934 | D:15     | Upgraded the game from 0.16-a0-3770-gc215ce9 to 0.16-a0-3789-g74483ed
 37121 | Lair:1   | Learned a level 3 spell: Mephitic Cloud
 37576 | Orc:2    | Found a roughly hewn altar of Beogh.
 37826 | Orc:1    | Found a roughly hewn altar of Beogh.
 37990 | Orc:2    | Reached skill level 1 in Dodging
 38456 | Orc:3    | Killed Nessos
 38456 | Orc:3    | Reached XP level 15. HP: 102/102 MP: 32/32
 38603 | Orc:3    | Reached skill level 2 in Dodging
 38821 | Orc:4    | Entered Level 4 of the Orcish Mines
 39138 | Orc:4    | Found a staircase to the Elven Halls.
 39700 | Orc:4    | Reached skill level 3 in Dodging
 40072 | Orc:4    | Reached skill level 2 in Fighting
 40195 | Orc:4    | Found Klyozxy's Assorted Antiques.
 40195 | Orc:4    | Found Okowk's Magic Scroll Shop.
 40198 | Orc:4    | Found Traf's Food Boutique.
 40200 | Orc:4    | Found Adghanuaz's Antique Armour Emporium.
 40213 | Orc:4    | Bought a scroll of enchant armour for 105 gold pieces
 40213 | Orc:4    | Bought a scroll of enchant armour for 105 gold pieces
 40213 | Orc:4    | Bought a scroll of teleportation for 42 gold pieces
 40218 | Orc:4    | Bought a pair of embroidered boots for 126 gold pieces
 40242 | Orc:4    | Bought a scroll of noise for 25 gold pieces
 40242 | Orc:4    | Bought a scroll of noise for 25 gold pieces
 41345 | Lair:7   | Reached skill level 4 in Dodging
 41784 | Snake:1  | Entered Level 1 of the Snake Pit
 42111 | Snake:1  | Reached skill level 3 in Fighting
 42191 | Snake:1  | Got a crude quarterstaff
 42401 | Snake:1  | Reached skill level 5 in Dodging
 43558 | Snake:2  | Reached skill level 6 in Dodging
 43740 | Snake:2  | Reached skill level 4 in Fighting
 43867 | Snake:2  | Found Ixoishaipt's Antique Weapon Boutique.
 44146 | Snake:2  | Reached skill level 7 in Dodging
 44923 | Snake:2  | Reached skill level 5 in Fighting
 45524 | Snake:2  | Reached skill level 8 in Dodging
 45879 | Lair:6   | Identified the +2 quarterstaff "Hageaw" {pain, rN+ Str+4} (You found it on level 1 of the Snake Pit)
 46757 | Snake:3  | Reached skill level 6 in Fighting
 46995 | Snake:3  | Reached skill level 9 in Dodging
 47941 | Snake:4  | Reached XP level 16. HP: 119/124 MP: 30/33
 48127 | Snake:4  | Noticed Vashnia
 48756 | Shoals:1 | Entered Level 1 of the Shoals
 48845 | Shoals:1 | Noticed Maud
 48996 | Shoals:1 | Reached skill level 10 in Dodging
 49130 | Shoals:1 | Killed Maud
 49130 | Shoals:1 | Reached skill level 7 in Fighting
 49412 | Shoals:1 | Found Tianiv's Food Boutique.
 49979 | Shoals:1 | Got a turquoise-studded chain mail
 49999 | Lair:3   | Identified the +2 chain mail "Enair" {rC+ Str+4 Int-4} (You took it off a merfolk on level 1 of the Shoals)
 50834 | Shoals:2 | Reached skill level 11 in Dodging
 50903 | Shoals:2 | Noticed Agnes
 50932 | Shoals:2 | Killed Agnes
 51469 | Shoals:2 | Reached skill level 8 in Fighting
 52091 | Shoals:3 | Noticed Louise
 52134 | Shoals:3 | Killed Louise
 52694 | Shoals:4 | Noticed emiel's ghost (mighty SpBe)
 52695 | Shoals:4 | Noticed Polyphemus
 53708 | Shoals:3 | Reached skill level 12 in Dodging
 54318 | Lair:8   | Noticed Johnny's ghost (mighty OpFi)
 54334 | Lair:8   | Killed Johnny's ghost
 54409 | Lair:8   | Learned a level 2 spell: Swiftness
 54601 | Lair:8   | Reached skill level 9 in Fighting
 55203 | Lair:1   | Learned a level 2 spell: Blink
 56240 | Shoals:4 | Killed Polyphemus
 56267 | Shoals:4 | Reached skill level 13 in Dodging
 56362 | Shoals:4 | Killed emiel's ghost
 56362 | Shoals:4 | Reached XP level 17. HP: 58/138 MP: 22/34
 58065 | Snake:4  | Found a radiant altar of Vehumet.
 58885 | Snake:4  | Reached skill level 10 in Fighting
 59123 | Snake:4  | Got a shimmering eveningstar
 59124 | Snake:4  | Identified the +1 eveningstar "Pybramm" {drain, rF++ MR+ Dex-4 SInv} (You acquired it on level 4 of the Snake Pit)
 60015 | Snake:4  | Got a distressingly furry cloak
 60028 | Snake:4  | Identified the +2 cloak "Caew Ed Fil" {+Fly} (You found it on level 4 of the Snake Pit)
 60254 | Snake:4  | Reached skill level 14 in Dodging
 60365 | Snake:4  | Killed Vashnia
 60939 | Snake:5  | Entered Level 5 of the Snake Pit
 62002 | Snake:5  | Upgraded the game from 0.16-a0-3789-g74483ed to 0.16-a0-3807-g3748f16
 63549 | Snake:5  | Reached skill level 15 in Dodging
 66206 | Snake:5  | Reached skill level 16 in Dodging
 66206 | Snake:5  | Reached XP level 18. HP: 83/149 MP: 35/35
 66355 | Snake:5  | Got a serpentine rune of Zot
 66985 | Shoals:5 | Entered Level 5 of the Shoals
 66985 | Shoals:5 | Noticed Roxanne
 67018 | Shoals:5 | Reached skill level 1 in Evocations
 67366 | Shoals:5 | Reached skill level 2 in Evocations
 67417 | Shoals:5 | Noticed Ilsuiw
 67462 | Shoals:5 | Killed Ilsuiw
 67643 | Shoals:5 | Reached skill level 11 in Fighting
 68143 | Shoals:5 | Reached skill level 3 in Evocations
 68481 | Shoals:5 | Reached skill level 2 in Stealth
 68735 | Shoals:5 | Got a warped ring mail
 68750 | Shoals:5 | Identified the cursed -2 ring mail of the Tarantula {+Inv rElec rPois- Int+4 Dex+3} (You found it on level 5 of the Shoals)
 69159 | Shoals:5 | Got a barnacled rune of Zot
 69421 | Shoals:3 | Reached skill level 3 in Stealth
 69477 | Shoals:3 | Reached skill level 4 in Evocations
 69751 | Vaults:1 | Entered Level 1 of the Vaults
 69815 | Vaults:1 | Noticed Aizul
 69922 | Vaults:1 | Killed Aizul
 70107 | Vaults:1 | Learned a level 4 spell: Iskenderun's Mystic Blast
 70435 | Vaults:1 | Reached skill level 4 in Stealth
 70491 | Vaults:1 | Reached skill level 15 in Maces & Flails
 71171 | Vaults:1 | Reached skill level 5 in Evocations
 71558 | Vaults:1 | Noticed Norris
 71839 | Vaults:1 | Killed Norris
 71839 | Vaults:1 | Reached skill level 5 in Stealth
 72465 | Vaults:2 | Reached skill level 6 in Evocations
 72899 | Vaults:2 | Found a flickering gateway to a bazaar.
 72909 | Bazaar   | Entered a bazaar
 72909 | Bazaar   | Found Cogogafa's Gadget Emporium.
 72909 | Bazaar   | Found Edwuh's General Store.
 72910 | Bazaar   | Found Thieh's Antique Weapon Shop.
 72911 | Bazaar   | Found Graz Waoca's Gadget Boutique.
 72911 | Bazaar   | Found Shrum Itt's Weapon Shoppe.
 72948 | Bazaar   | Bought a potion of curing for 45 gold pieces
 72948 | Bazaar   | Bought a book of Enchantments for 750 gold pieces
 72948 | Bazaar   | Bought a potion of curing for 45 gold pieces
 72948 | Bazaar   | Bought a potion of curing for 45 gold pieces
 72959 | Bazaar   | Bought a scorched whip for 240 gold pieces
 72970 | Bazaar   | Bought a scroll of recharging for 142 gold pieces
 72971 | Bazaar   | Identified the +11 whip of Yredelemnul {freeze, Int+4 SInv} (You bought it in a shop in a bazaar)
 73081 | Vaults:2 | Reached XP level 19. HP: 157/157 MP: 7/35
 73085 | Vaults:2 | Reached skill level 6 in Stealth
 73577 | Vaults:1 | Reached skill level 16 in Maces & Flails
 74289 | Vaults:2 | Reached skill level 6 in Charms
 74856 | Vaults:1 | Upgraded the game from 0.16-a0-3807-g3748f16 to 0.16-a0-3820-g492871e
 75493 | Vaults:3 | Reached skill level 7 in Charms
 75771 | Vaults:3 | Found an ancient bone altar of Kikubaaqudgha.
 75782 | Vaults:3 | Found a staircase to the Crypt.
 75783 | Vaults:3 | Found a basalt altar of Yredelemnul.
 75971 | Vaults:3 | Reached skill level 17 in Maces & Flails
 77557 | Vaults:4 | Reached skill level 8 in Charms
 78768 | Vaults:4 | Reached skill level 18 in Maces & Flails
 78802 | Vaults:4 | Noticed Boris
 78831 | Vaults:4 | Killed Boris
 78831 | Vaults:4 | Reached XP level 20. HP: 40/165 MP: 22/36
 79298 | Vaults:4 | Reached skill level 9 in Charms
 80409 | Lair:1   | Learned a level 6 spell: Haste
 80541 | Depths:1 | Entered Level 1 of the Depths
 80544 | Depths:1 | Noticed Asterion
 80742 | Depths:1 | Noticed the Enchantress
 81238 | Elf:1    | Entered Level 1 of the Elven Halls
 81282 | Elf:2    | Noticed Rupert
 81292 | Elf:2    | Got a bloodstained chain mail
 81300 | Elf:2    | Noticed Azrael
 81435 | Elf:2    | Noticed Kirke
 81468 | Elf:2    | Killed Kirke
 81663 | Elf:2    | Killed Azrael
 81949 | Elf:1    | Reached skill level 10 in Charms
 82014 | Orc:4    | Identified the +4 chain mail "Breps" {rElec rF+ Int+3} (You found it on level 2 of the Elven Halls)
 82202 | Elf:1    | Reached skill level 19 in Maces & Flails
 82231 | Elf:1    | Got a bronze chain mail
 82233 | Elf:1    | Identified the Catalogue of Battle Magic
 82284 | Orc:4    | Identified the +1 chain mail of the Bard {rPois- MR++ Str+2} (You found it on level 1 of the Elven Halls)
 83331 | Elf:2    | Got a fine dagger
 83364 | Elf:2    | Found a runed gate.
 83389 | Elf:2    | Found a runed gate.
 83390 | Elf:2    | Found a runed gate.
 83626 | Elf:2    | Noticed Frances
 83639 | Elf:2    | Killed Frances
 83771 | Elf:2    | Killed Rupert
 84508 | Elf:2    | Upgraded the game from 0.16-a0-3820-g492871e to 0.16-a0-3832-g18ec49b
 84910 | Orc:4    | Identified the +11 dagger of Lueprooh {pierce, rN+ Str+3 Int-3 Dex+4} (You found it on level 2 of the Elven Halls)
 84964 | Elf:3    | Entered Level 3 of the Elven Halls
 86265 | Elf:3    | Noticed 4thArraOfDagon's ghost (mighty VSAr)
 86327 | Elf:3    | Killed 4thArraOfDagon's ghost
 86383 | Elf:3    | Reached skill level 11 in Charms
 86795 | Elf:3    | Upgraded the game from 0.16-a0-3832-g18ec49b to 0.16-a0-3834-g51c8674
 87133 | Elf:3    | Reached XP level 21. HP: 125/171 MP: 26/36
 87443 | Elf:3    | Reached skill level 20 in Maces & Flails
 87446 | Elf:3    | Got a warped ice dragon armour
 87539 | Elf:3    | Identified the +10 ice dragon armour "Oteobepe" {rElec rF- rC++ rN+ MR- MP+9 Dex+3} (You took it off a deep elf master archer on level 3 of the Elven Halls)
 87582 | Elf:3    | Identified the Guide on the Twisted Entourage
 87610 | Elf:3    | Identified the Disquisition on Creative Evil Magic (You found it on level 3 of the Elven Halls)
 88359 | Elf:3    | Identified the Reference Book on Transmigration
 88361 | Elf:3    | Identified Ypur's Catalogue of Malediction
 88372 | Elf:3    | Identified the Catalogue of Creation
 88374 | Elf:3    | Got a jewelled great sword
 88387 | Elf:3    | Got a transparent chain mail
 88456 | Elf:3    | Identified the cursed -5 chain mail of Filth {rPois+ rF- Str+7} (You found it on level 3 of the Elven Halls)
 88458 | Elf:3    | Identified the +4 great sword of Shrolu Vuced {slice, +Inv Str+2 Int+4} (You found it on level 3 of the Elven Halls)
 88464 | Elf:3    | Identified a +5 rod of the swarm (12/12) (You found it on level 3 of the Elven Halls)
 88465 | Elf:3    | Identified a +4 rod of destruction (11/11) (You found it on level 3 of the Elven Halls)
 88962 | Lair:1   | Learned a level 5 spell: Fireball
 89220 | Crypt:1  | Entered Level 1 of the Crypt
 89824 | Lair:7   | Reached skill level 12 in Charms
 90065 | Slime:1  | Entered Level 1 of the Pits of Slime
 90306 | Slime:2  | Gained mutation: Your magical capacity is low (-10% MP). [a shining eye]
 90316 | Slime:2  | Gained mutation: Armour fits poorly on your strangely shaped body. [a shining eye]
 91152 | Slime:4  | Reached skill level 13 in Charms
 91398 | Slime:6  | Entered Level 6 of the Pits of Slime
 92308 | Slime:6  | Reached skill level 1 in Fire Magic
 92388 | Slime:6  | Reached skill level 2 in Fire Magic
 92496 | Slime:6  | Gained mutation: You occasionally shout uncontrollably at your foes. [a shining eye]
 92511 | Slime:6  | Found a viscous altar of Jiyva.
 92516 | Slime:6  | Noticed the royal jelly
 92563 | Slime:6  | Killed the royal jelly
 92563 | Slime:6  | Reached skill level 4 in Fire Magic
 93164 | Slime:6  | Got a slimy rune of Zot
 93226 | Slime:6  | Got an ominously black robe
 93255 | Slime:6  | Identified the Compendium of Aid
 93338 | Slime:6  | Identified the cursed -1 robe "Zycep" {rCorr Str-3 Int+4} (You found it on level 6 of the Pits of Slime)
 93711 | Lair:1   | Lost mutation: Your magical capacity is low (-10% MP). [potion of cure mutation]
 93711 | Lair:1   | Lost mutation: Armour fits poorly on your strangely shaped body. [potion of cure mutation]
 93711 | Lair:1   | Lost mutation: You occasionally shout uncontrollably at your foes. [potion of cure mutation]
 93969 | D:15     | Killed Asterion
 93996 | Depths:1 | Reached skill level 5 in Fire Magic
 94206 | Depths:1 | Killed the Enchantress
 94211 | Depths:1 | Got a faerie dragon armour
 94257 | D:14     | Identified the +0 faerie dragon armour {-Tele Str+8} (You took it off the Enchantress on level 1 of the Depths)
 94288 | D:14     | Upgraded the game from 0.16-a0-3834-g51c8674 to 0.16-a0-3843-ged98c6c
 94649 | Depths:1 | Reached skill level 6 in Fire Magic
 94962 | Depths:1 | Reached skill level 1 in Translocations
 95161 | Depths:1 | Found Qeivu's Demolitions Depot.
 95239 | Depths:1 | Found a gateway to Hell.
 95885 | Depths:2 | Reached skill level 2 in Translocations
 95923 | Depths:2 | Noticed Margery
 96141 | Depths:2 | Killed Margery
 96141 | Depths:2 | Reached skill level 7 in Fire Magic
 96141 | Depths:2 | Reached XP level 22. HP: 124/179 MP: 24/37
 96363 | Depths:1 | Reached skill level 15 in Armour
 96706 | Depths:2 | Reached skill level 3 in Translocations
 96739 | Depths:2 | Found a runed door.
 96767 | Depths:2 | Found Peomeoja's Serpentskin Sales.
 97378 | Depths:2 | Found a runed door.
 97391 | Depths:2 | Reached skill level 8 in Fire Magic
 97487 | Depths:2 | Got a heavily jewelled robe
 97529 | Depths:2 | Noticed a caustic shrike
 97563 | Depths:2 | Reached skill level 4 in Translocations
 97575 | Depths:2 | Killed a caustic shrike
 97731 | Depths:2 | Identified the cursed -5 robe of Misfortune {-Cast Contam *Tele EV-4 Str-2 Int-2 Dex-2 Stlth-- Curse} (You found it on level 2 of the Depths)
 97852 | Depths:2 | Reached skill level 9 in Fire Magic
 98086 | Depths:2 | Reached skill level 5 in Translocations
 98210 | Depths:3 | Noticed Saint Roka
 98264 | Depths:2 | Killed Saint Roka
 98550 | Depths:3 | Found a one-way gate leading to the halls of Pandemonium.
 98984 | Depths:3 | Reached skill level 10 in Fire Magic
 99081 | Depths:1 | Reached skill level 8 in Spellcasting
 99333 | Depths:2 | Reached skill level 5 in Summonings
 99333 | Depths:2 | Reached skill level 6 in Translocations
100295 | Depths:1 | Upgraded the game from 0.16-a0-3843-ged98c6c to 0.16-a0-3855-gd2600ac
100302 | Depths:1 | Bought a manual of Conjurations for 1656 gold pieces
100749 | Depths:4 | Reached skill level 6 in Summonings
101071 | Depths:4 | Got a translucent blowgun
101072 | Depths:4 | Identified the +8 blowgun "Lawo" {speed, Str+2} (You found it on level 4 of the Depths)
101258 | Depths:4 | Reached skill level 16 in Armour
101265 | Depths:4 | Reached skill level 9 in Spellcasting
101385 | Depths:4 | Reached skill level 14 in Charms
101458 | Depths:4 | Reached XP level 23. HP: 185/185 MP: 39/39
101654 | Depths:4 | Reached skill level 11 in Conjurations
101690 | Depths:4 | Found a one-way gate to the infinite horrors of the Abyss.
102083 | Depths:5 | Entered Level 5 of the Depths
102767 | Depths:5 | Reached skill level 12 in Conjurations
102830 | Depths:5 | Found a gateway to a ziggurat.
102886 | Depths:5 | Paralysed by a great orb of eyes for 6 turns
103236 | Depths:5 | Reached skill level 10 in Spellcasting
103472 | Depths:5 | Found a gate to the Realm of Zot.
103614 | Zot:1    | Entered Level 1 of the Realm of Zot
104317 | Zot:1    | Reached skill level 13 in Conjurations
105314 | Zot:1    | Reached skill level 15 in Charms
105331 | Zot:1    | Reached skill level 17 in Armour
105411 | Zot:1    | Got a ripped robe
105412 | Zot:1    | Identified the +1 robe of Voykuycros {Str+4} (You found it on level 1 of the Realm of Zot)
105801 | Zot:1    | Reached skill level 11 in Spellcasting
105801 | Zot:1    | Reached skill level 14 in Conjurations
106240 | Zot:1    | Reached XP level 24. HP: 166/192 MP: 36/41
107696 | Zot:3    | Got an ichor-stained plate armour
107793 | Zot:3    | Reached skill level 15 in Conjurations
108120 | Zot:3    | Reached skill level 12 in Spellcasting
108164 | Zot:2    | Identified the +2 plate armour of the Sun {rPois+} (You found it on level 3 of the Realm of Zot)
108990 | Zot:4    | Got a twisted plate armour
108997 | Zot:4    | Identified the cursed -5 plate armour of the Little Devil {rPois- rF+ Regen+ rCorr} (You found it on level 4 of the Realm of Zot)
110540 | Orc:4    | Bought a scroll of immolation for 87 gold pieces
110595 | Orc:3    | Bought a wand of invisibility (4) for 112 gold pieces
110810 | Depths:1 | Bought a scroll of immolation for 52 gold pieces
111462 | Orc:4    | Bought a scroll of enchant weapon for 105 gold pieces
111462 | Orc:4    | Bought a scroll of enchant weapon for 105 gold pieces
111462 | Orc:4    | Bought a scroll of enchant weapon for 105 gold pieces
111580 | D:10     | Bought a scroll of enchant weapon for 225 gold pieces
111638 | Lair:1   | Learned a level 6 spell: Bolt of Fire
112379 | Vaults:5 | Entered Level 5 of the Vaults
112419 | Vaults:4 | Reached skill level 17 in Dodging
112725 | Vaults:5 | Noticed an ancient lich
112888 | Vaults:4 | Killed an ancient lich
112888 | Vaults:4 | Reached skill level 13 in Spellcasting
112963 | Vaults:5 | Noticed an ancient lich
113230 | Vaults:5 | Paralysed by a sphinx for 3 turns
113370 | Vaults:5 | Reached skill level 11 in Fire Magic
113763 | Vaults:5 | Identified the Disquisition on Curses and Moulding
113773 | Vaults:5 | Got a silver rune of Zot
113975 | Vaults:5 | Reached XP level 25. HP: 199/199 MP: 32/43
114029 | Vaults:5 | Found Brievahu's Book Shop.
114032 | Vaults:5 | Found Katuaf's General Store.
114246 | Vaults:5 | Noticed an ancient lich
114879 | Vaults:5 | Reached skill level 12 in Fire Magic
115054 | Vaults:5 | Noticed an ancient lich
115086 | Vaults:5 | Killed an ancient lich
115086 | Vaults:5 | Reached skill level 14 in Spellcasting
115286 | Vaults:5 | Got an ancient ring mail
115297 | Vaults:5 | Identified the +1 ring mail of the Locust {SInv} (You found it on level 5 of the Vaults)
115314 | Vaults:5 | Got a wavering emerald amulet
115387 | Vaults:5 | Killed an ancient lich
115655 | Vaults:5 | Cast into the Abyss (an ogre mage)
115917 | Abyss:1  | HP: 5/196 [starcursed mass/accursed screaming (11)]
115931 | Abyss:1  | Found a corrupted altar of Lugonu.
115985 | Abyss:1  | Reached skill level 13 in Fire Magic
116401 | Abyss:1  | Paralysed by accursed screaming for 2 turns
116407 | Abyss:1  | Paralysed by accursed screaming for 2 turns
116421 | Abyss:1  | Paralysed by you for 5 turns
116469 | Abyss:1  | Identified the amulet of Chetoeg {+Rage rC+ Int+5 Dex-4 SInv} (You took it off a deep elf death mage on level 5 of the Vaults)
116478 | Abyss:1  | Found a sacrificial altar of Ru.
116971 | Abyss:2  | Found a corrupted altar of Lugonu.
117189 | Abyss:3  | Found a shadowy altar of Dithmenos.
117472 | Abyss:3  | Gained mutation: You are clumsy. (Dex -2) [a neqoxec]
117507 | Abyss:3  | Reached skill level 15 in Spellcasting
117557 | Abyss:3  | Gained mutation: You have very sharp teeth. [a neqoxec]
117725 | Abyss:3  | Found a bloodstained altar of Trog.
117851 | Vaults:5 | Escaped the Abyss
117866 | Vaults:5 | Upgraded the game from 0.16-a0-3855-gd2600ac to 0.16-a0-3880-g9314259
118527 | Vaults:5 | Reached skill level 14 in Fire Magic
118626 | Vaults:5 | Killed an ancient lich
118969 | Vaults:5 | Got a transparent great sword
118988 | Vaults:5 | Identified the cursed -1 great sword of Action {antimagic, rPois+ MP+9 Str+3 Int-4 Dex-4} (You took it off a deep elf priest on level 5 of the Vaults)
120111 | Crypt:1  | HP: 56/200 [catoblepas zombie (5)]
120124 | Crypt:1  | HP: 56/200 [quicksilver dragon zombie (3)]
120445 | Crypt:1  | Found a huge runed gate.
120445 | Crypt:1  | Found a huge runed gate.
120461 | Crypt:1  | Found a huge runed gate.
120491 | Crypt:1  | Found a huge runed gate.
120491 | Crypt:1  | Found a huge runed gate.
120492 | Crypt:1  | Found a huge runed gate.
120493 | Crypt:1  | Found a huge runed gate.
120493 | Crypt:1  | Found a huge runed gate.
120494 | Crypt:1  | Found a huge runed gate.
120499 | Crypt:1  | Found a huge runed gate.
120516 | Crypt:1  | Found a huge runed gate.
120516 | Crypt:1  | Found a huge runed gate.
120517 | Crypt:1  | Found a huge runed gate.
120519 | Crypt:1  | Found a huge runed gate.
120524 | Crypt:1  | Found a huge runed gate.
120524 | Crypt:1  | Found a huge runed gate.
120525 | Crypt:1  | Found a huge runed gate.
120527 | Crypt:1  | Found a huge runed gate.
120531 | Crypt:1  | Found a huge runed gate.
120533 | Crypt:1  | Found a huge runed gate.
120533 | Crypt:1  | Found a huge runed gate.
120533 | Crypt:1  | Found a huge runed gate.
120533 | Crypt:1  | Found a huge runed gate.
120533 | Crypt:1  | Found a huge runed gate.
120533 | Crypt:1  | Found a huge runed gate.
120533 | Crypt:1  | Found a huge runed gate.
120533 | Crypt:1  | Found a huge runed gate.
120624 | Crypt:1  | Found a huge runed gate.
120624 | Crypt:1  | Found a huge runed gate.
120624 | Crypt:1  | Found a huge runed gate.
120624 | Crypt:1  | Found a huge runed gate.
120624 | Crypt:1  | Found a huge runed gate.
120624 | Crypt:1  | Found a huge runed gate.
120624 | Crypt:1  | Found a huge runed gate.
120624 | Crypt:1  | Found a huge runed gate.
120626 | Crypt:1  | Found a huge runed gate.
120657 | Crypt:1  | Noticed Mennas
120702 | Crypt:1  | Killed Mennas
120702 | Crypt:1  | Reached skill level 18 in Dodging
120915 | Crypt:1  | Identified the Volume of Displacement and Contamination
120921 | Crypt:1  | Learned a level 4 spell: Control Teleport
120927 | Crypt:1  | Learned a level 5 spell: Phase Shift
121307 | Crypt:1  | Noticed an ancient lich
121327 | Crypt:1  | Killed an ancient lich
121327 | Crypt:1  | Reached XP level 26. HP: 170/207 MP: 15/45
121342 | Crypt:1  | Paralysed by something for 7 turns
122027 | Crypt:2  | Got a brightly glowing rapier
122117 | Crypt:2  | Found a basalt altar of Yredelemnul.
122132 | Crypt:2  | Identified the Grimoire of Darkness
122134 | Crypt:2  | Identified Cigotuvi's Compendium of Darkness
122345 | Crypt:2  | Found a magical portal.
122407 | WizLab   | Entered The Chambers of Yraargh the Cloud Mage
122409 | WizLab   | Reached skill level 12 in Fighting
122979 | WizLab   | Reached skill level 16 in Spellcasting
123156 | WizLab   | Identified the Reference Book on Destructive Feathers
123162 | WizLab   | Identified the Grimoire of Hurtful Flight
123983 | Crypt:2  | Found an ancient bone altar of Kikubaaqudgha.
124702 | Crypt:3  | Entered Level 3 of the Crypt
124975 | Crypt:3  | HP: 57/212 [flayed ghost/flay_damage (25)]
125555 | Crypt:3  | HP: 51/212 [??? (31)]
125900 | Crypt:3  | Identified a +0 rod of clouds (13/13) (You found it on level 3 of the Crypt)
125902 | Crypt:3  | Identified a +3 rod of the swarm (14/14) (You found it on level 3 of the Crypt)
126407 | Crypt:3  | Found a staircase to the Tomb.
126750 | Crypt:3  | Learned a level 2 spell: Sublimation of Blood
126859 | Crypt:3  | Found an ancient bone altar of Kikubaaqudgha.
126860 | Crypt:3  | Noticed an ancient lich
126876 | Crypt:3  | Killed an ancient lich
126876 | Crypt:3  | Reached skill level 13 in Fighting
126876 | Crypt:3  | Reached skill level 19 in Dodging
127049 | Crypt:3  | Noticed an ancient lich
127056 | Crypt:3  | Killed an ancient lich
128627 | Tomb:1   | Entered Level 1 of the Tomb of the Ancients
129666 | Tomb:1   | Reached skill level 17 in Spellcasting
129924 | Tomb:2   | Noticed Mara
130397 | Tomb:1   | HP: 52/210 [torment (25)]
130402 | Tomb:1   | HP: 34/209 [poisoned by an emperor scorpion]
130617 | Tomb:1   | Reached skill level 14 in Fighting
131106 | Lair:1   | Learned a level 7 spell: Orb of Destruction
131531 | Zot:5    | Entered Level 5 of the Realm of Zot
131708 | Zot:5    | Reached XP level 27. HP: 216/216 MP: 44/46
132233 | Zot:5    | Noticed an ancient lich
132261 | Zot:5    | Killed an ancient lich
132285 | Zot:5    | Noticed an orb of fire
132298 | Zot:5    | Gained mutation: Armour fits poorly on your strangely shaped body. [an orb of fire]
132310 | Zot:5    | Noticed an ancient lich
132321 | Zot:5    | Killed an orb of fire
132324 | Zot:5    | HP: 49/217 [ancient lich/crystal spear (31)]
132333 | Zot:5    | HP: 32/217 [ancient lich/bolt of acid (20)]
132335 | Zot:5    | Killed an ancient lich
132343 | Zot:5    | Noticed an ancient lich
132345 | Zot:5    | HP: 49/218 [ancient lich (2)]
132353 | Zot:5    | Killed an ancient lich
132362 | Zot:5    | HP: 53/218 [burnt (2)]
132367 | Zot:4    | HP: 44/218 [burnt (2)]
133259 | Zot:4    | Reached skill level 20 in Dodging
133613 | Zot:5    | Noticed an orb of fire
133628 | Zot:5    | Noticed an ancient lich
133650 | Zot:5    | Killed an ancient lich
133650 | Zot:5    | Reached skill level 15 in Fighting
133758 | Zot:5    | HP: 63/219 [orb of fire/fireball (32)]
133764 | Zot:5    | HP: 46/219 [orb of fire/fireball (8)]
133771 | Zot:5    | HP: 53/219 [orb of fire/bolt of fire (23)]
133783 | Zot:5    | Killed an orb of fire
134162 | Zot:5    | Noticed an orb of fire
134311 | Zot:5    | Killed an orb of fire
134539 | Zot:5    | Reached skill level 18 in Spellcasting
135225 | Zot:5    | Noticed an ancient lich
135239 | Zot:5    | Killed an ancient lich
135468 | Zot:5    | Noticed an ancient lich
135496 | Zot:5    | Killed an ancient lich
135848 | Zot:5    | Noticed an orb of fire
135922 | Zot:5    | Killed an orb of fire
136086 | Zot:5    | Noticed an orb of fire
136089 | Zot:5    | Gained mutation: Scrolls take you a little longer to read. [an orb of fire]
136124 | Zot:5    | Noticed an orb of fire
136565 | Zot:4    | Killed an orb of fire
136855 | Zot:5    | Lost mutation: You are clumsy. (Dex -2) [potion of cure mutation]
136855 | Zot:5    | Lost mutation: Armour fits poorly on your strangely shaped body. [potion of cure mutation]
136855 | Zot:5    | Lost mutation: Scrolls take you a little longer to read. [potion of cure mutation]
136855 | Zot:5    | Lost mutation: You have very sharp teeth. [potion of cure mutation]
136999 | Zot:5    | Noticed an orb of fire
137042 | Zot:5    | Killed an orb of fire
137042 | Zot:5    | Reached skill level 16 in Fighting
137043 | Zot:5    | Noticed an orb of fire
137095 | Zot:5    | Gained mutation: You are clumsy. (Dex -2) [an orb of fire]
137115 | Zot:5    | HP: 62/223 [orb of fire/fireball (8)]
137123 | Zot:5    | HP: 28/223 [orb of fire/bolt of fire (18)]
137589 | Zot:4    | Killed an orb of fire
137871 | Zot:5    | Killed an orb of fire
137892 | Zot:5    | Reached skill level 21 in Dodging
138202 | Zot:5    | Reached skill level 7 in Translocations
138572 | Zot:5    | Got the Orb of Zot
138690 | Zot:4    | HP: 64/226 [daeva/divine providence[a seraph] (9)]
138691 | Zot:4    | Noticed a seraph
138691 | Zot:4    | HP: 24/226 [daeva/divine providence[a seraph] (16)]
138691 | Zot:4    | HP: 11/226 [daeva/divine providence[a seraph] (13)]
138700 | Zot:4    | HP: 22/226 [daeva/divine providence[a seraph] (11)]
138702 | Zot:4    | HP: 9/226 [seraph/divine providence (13)]
138702 | Zot:4    | Killed from afar by a daeva

Action                   |  1- 3 |  4- 6 |  7- 9 | 10-12 | 13-15 | 16-18 | 19-21 | 22-24 | 25-27 || total
-------------------------+-------+-------+-------+-------+-------+-------+-------+-------+-------++-------
Melee: Mace              |   140 |       |    18 |       |       |       |       |       |       ||   158
       Unarmed           |     1 |       |       |       |       |       |       |       |       ||     1
       Flail             |    11 |   155 |     5 |       |       |       |       |       |       ||   171
       Whip              |       |   118 |   375 |  1573 |  2679 |   391 |       |       |       ||  5136
       Dagger            |       |       |    73 |    52 |    10 |       |       |       |       ||   135
       Dire flail        |       |       |       |       |     4 |       |       |       |       ||     4
       Great mace        |       |       |       |       |   593 |  2267 |  2423 |  2524 |  2750 || 10557
       Eveningstar       |       |       |       |       |       |    96 |   507 |   162 |   549 ||  1314
 Fire: Hunting sling     |    33 |    10 |       |       |       |       |       |       |       ||    43
       Blowgun           |       |       |       |       |       |     2 |       |       |    13 ||    15
Throw: Stone             |    25 |     3 |       |       |       |       |       |       |       ||    28
       Tomahawk          |       |       |       |       |     7 |       |       |       |       ||     7
       Throwing net      |       |       |       |       |     1 |       |       |       |       ||     1
       Javelin           |       |       |       |       |       |    38 |       |     4 |     1 ||    43
 Cast: Magic Dart        |       |   159 |   166 |   353 |   329 |   175 |    21 |     1 |     6 ||  1210
       Conjure Flame     |       |       |       |    73 |   277 |   441 |   536 |   308 |   400 ||  2035
       Repel Missiles    |       |       |       |     1 |    21 |    36 |    11 |    20 |    11 ||   100
       Mephitic Cloud    |       |       |       |       |    10 |    51 |    48 |     2 |       ||   111
       Blink             |       |       |       |       |       |    14 |    36 |    37 |    15 ||   102
       Summon Butterflie |       |       |       |       |       |     1 |     7 |       |     1 ||     9
       Swiftness         |       |       |       |       |       |     1 |       |     1 |     4 ||     6
       Iskenderun's Myst |       |       |       |       |       |    25 |   103 |    66 |    60 ||   254
       Abjuration        |       |       |       |       |       |     3 |       |     6 |     6 ||    15
       Fireball          |       |       |       |       |       |       |     2 |    22 |    26 ||    50
       Haste             |       |       |       |       |       |       |     2 |     4 |    14 ||    20
       Bolt of Fire      |       |       |       |       |       |       |       |     1 |   144 ||   145
       Phase Shift       |       |       |       |       |       |       |       |       |     4 ||     4
 Abil: Evoke Flight      |       |       |       |       |     1 |       |     1 |     1 |     1 ||     4
       Stop Flying       |       |       |       |       |       |       |     1 |     1 |     1 ||     3
Evoke: Wand              |       |     1 |     7 |     2 |     3 |    10 |     6 |     3 |     8 ||    40
       Rod               |       |       |       |       |     3 |    14 |       |       |       ||    17
       Phial of floods   |       |       |       |       |       |     1 |       |       |       ||     1
  Use: Scroll            |     6 |     7 |    10 |    13 |    15 |    24 |    20 |    16 |    16 ||   127
       Potion            |       |       |     5 |       |    11 |    12 |    10 |     1 |    15 ||    54
 Stab: Sleeping          |       |     1 |     1 |       |       |       |       |       |       ||     2
       Paralysed         |       |       |    19 |       |       |       |       |       |       ||    19
       Confused          |       |       |       |       |    17 |    26 |    10 |     1 |       ||    54
       Petrified         |       |       |       |       |       |       |       |     4 |       ||     4
       Petrifying        |       |       |       |       |       |       |       |     1 |       ||     1
  Eat: Chunk             |     5 |    19 |    16 |    49 |    73 |   111 |    61 |    72 |    22 ||   428
       Pizza             |       |       |     1 |       |       |       |     1 |       |     2 ||     4
       Beef jerky        |       |       |     2 |     1 |     2 |       |     3 |     1 |     4 ||    13
       Bread ration      |       |       |     1 |       |     4 |       |     5 |     1 |    10 ||    21
       Meat ration       |       |       |       |       |     1 |       |     2 |     1 |     7 ||    11
       Fruit             |       |       |       |       |     1 |       |     1 |       |       ||     2
       Royal jelly       |       |       |       |       |       |       |       |       |     1 ||     1

Table legend:
 A = Turns spent in this place as a percentage of turns spent in the entire game.
 B = Non-inter-level travel turns spent in this place as a percentage of non-inter-level travel turns spent in the entire game.
 C = Inter-level travel turns spent in this place as a percentage of turns spent in this place.
 D = Turns resting spent in this place as a percentage of non-inter-level travel turns spent in this place.
 E = Turns spent auto-exploring this place as a percentage of non-inter-level travel turns spent in this place.
 F = Non-inter-level travel turns spent in this place divided by the number of levels of this place that you've seen.
                   A       B       C       D       E      F
               +-------+-------+-------+-------+-------+----------------------
         Total | 100.0 | 100.0 |   0.6 |   3.3 |   1.8 | 923.7
       Dungeon |  15.6 |  15.5 |   1.0 |   2.2 |   3.4 | 707.6
        Temple |   0.1 |   0.1 |   0.0 |   8.3 |   0.0 |  36.0
          Lair |  11.9 |  11.8 |   1.1 |   2.1 |   2.5 | 1008.0
        Shoals |   9.4 |   9.4 |   0.3 |   2.7 |   0.7 | 1285.4
     Snake Pit |  10.5 |  10.6 |   0.5 |   7.7 |   1.7 | 1442.6
    Slime Pits |   2.4 |   2.4 |   0.1 |   5.0 |   0.0 | 274.5
  Orcish Mines |   4.3 |   4.3 |   0.7 |   2.1 |   1.9 | 729.5
   Elven Halls |   6.3 |   6.3 |   0.3 |   3.2 |   0.6 | 1446.3
        Vaults |  12.5 |  12.5 |   0.5 |   3.0 |   1.6 | 1713.4
         Crypt |   5.4 |   5.4 |   0.4 |   2.1 |   1.4 | 1224.3
          Tomb |   1.4 |   1.4 |   0.3 |   3.6 |   0.2 | 464.0
        Depths |   7.4 |   7.4 |   0.6 |   3.3 |   2.5 | 1011.0
           Zot |   8.8 |   8.8 |   0.5 |   3.8 |   1.4 | 1206.4
         Abyss |   2.6 |   2.7 |   0.0 |   3.4 |   0.3 | 604.0
     Labyrinth |   0.3 |   0.3 |   0.0 |   3.9 |   0.0 | 231.0
        Bazaar |   0.2 |   0.2 |   0.0 |   0.0 |   0.0 | 110.0
      Ice Cave |   0.1 |   0.1 |   0.0 |   0.0 |   0.0 |  55.0
        Wizlab |   0.9 |   0.9 |   0.0 |   0.5 |   0.3 | 634.0
               +-------+-------+-------+-------+-------+----------------------

Vault maps used:
D:1:      onia_arrival_zoo_common
D:2:      grunt_temple_overflow_gold_and_silver
D:3:      lemuel_crystal_altar
D:4:      vehumet_crystals, first_bread, eino_tiny_chamber
D:5:      beetle_altar_1
D:7:      wad_crossroads, minmay_temple_entry_purple_smoke, grunt_ogre_cave,
          solitary_fountain
D:8:      kennysheep_steamy, uniq_prince_ribbit1, uniq_grum, uniq_duvessa
D:9:      st_stairs_13
D:10:     minmay_distorted_concentric_squares, erik_lair_boring, serial_shops,
          shop, shop, shop
D:11:     minmay_separated_statues, david_orc_4, uniq_erica, uniq_urug
D:12:     minmay_outward_triangles, lab_entry_generic
D:13:     lemuel_bear_cage, uniq_sonja
D:14:     lightli_vaults_fourway_checkpoint, corexii_corridor_pit, uniq_nergalle
D:15:     grunt_enter_depths_magical_seal, hangedman_ru_absence,
          lemuel_nasty_fountain, uniq_fannar
Temple:   minmay_temple_curvy_14
Lair:1:   guppyfry_lair_drakes, grunt_megastairs_3, lemuel_fruit_fields
Lair:2:   beast_lair_carwin_9, serial_bayou_shore_a, infiniplex_staircase_pool
Lair:3:   shoals_dummy_entry, minmay_stone_trees_large
Lair:4:   boulder_dual_corridor_run, st_stairs_7, pond, bh_autumn_forest_stairs
Lair:5:   minmay_lindwurm_lava
Lair:6:   guppyfry_snake_entry_island, lemuel_fruit_tree, serial_bayou_shore_b,
          grunt_megastairs_1
Lair:7:   zaba_antful_of_joy
Lair:8:   due_jungle_book, minmay_slime_entry_pillars,
          portal_ice_cave_entry_ice_beasts, lemuel_fruit_fields, uniq_harold
Shoals:1: serial_shops, nicolae_shop_stone, kb_tengu_band, uniq_maud
Shoals:2: cheibrodos_shoals_roost, uniq_agnes
Shoals:3: st_sunken_temple, uniq_louise
Shoals:4: nicolae_shoals_hunting_party, uniq_polyphemus
Shoals:5: shoals_end_simple, shoal_ilsuiw, uniq_roxanne
Snake:2:  serial_shops, shop, grunt_megastairs_5
Snake:4:  basic_altar, hangedman_snake_sidewinding, uniq_vashnia
Snake:5:  minmay_snake_end_coiled, grunt_megastairs_2
Slime:2:  cheibrodos_slime_lost_civilization_5
Slime:3:  nicolae_slime_phagocytosis
Orc:1:    david_defended_altar_orc, uniq_psyche
Orc:2:    nicolae_orc_accident_2, uniq_eustachio
Orc:3:    serial_shops, shop, nicolae_orc_pool_cavern, uniq_nessos
Orc:4:    st_orc_rangers
Elf:1:    minmay_elf_annihilation, grunt_ministairs_8, lemuel_flamethrower_hall
Elf:2:    billiards_dpeg, uniq_rupert, uniq_azrael, uniq_frances, uniq_kirke
Elf:3:    elf_hall_gauntlet_narrow, guppyfry_library_mini
Vaults:1: v_misc_26, hangedman_vaults_locks, ontoclasm_vaults_shuriken,
          hangedman_vaults_stretched_pinwheel, hangedman_vaults_cutoff,
          vaults_room_corners, uniq_norris, uniq_aizul
Vaults:2: hangedman_vaults_slice, hangedman_vaults_river_flow, v_misc_13,
          vaults_dpeg_hooks, vaults_mumra_minichess_inversion, v_misc_4,
          hangedman_vaults_maws, hangedman_vaults_stretched_pinwheel,
          hangedman_vaults_corner_blocks, v_misc_2, v_misc_8,
          vaults_room_stairs_pillars, ontoclasm_vaults_ligature, serial_shops,
          bzr_in_the_mist
Vaults:3: vaults_room_pool, minmay_crypt_entry_necro_gods,
          ontoclasm_vaults_misaligned, v_pattern_2, v_rooms_2,
          nicolae_vaults_hallways_thing, vaults_room_stairs_pillars,
          hangedman_vaults_corner_blocks, v_misc_12, ontoclasm_vaults_fault,
          vaults_mumra_chevron, v_misc_14, vaults_room_door_ring
Vaults:4: vaults_mumra_bighexcomb, v_pattern_3, v_misc_8,
          hangedman_vaults_pinch, v_misc_18, nicolae_vaults_big_ls,
          dpeg_vaults_monster_box, nicolae_vaults_gold_heap,
          ontoclasm_vaults_decontamination, uniq_boris
Vaults:5: serial_shops
Crypt:1:  crypt_curse_skull, door_vault, grunt_crypt_arrival_guarded_gate,
          uniq_mennas
Crypt:2:  mu_enter_wizlab_1, hangedman_crypt_dual_shrines, lemuel_elevator
Crypt:3:  quadcrypt_mu
Tomb:2:   uniq_mara
Depths:1: hell_entry, grunt_decor_fettered, nicolae_blasting_shop,
          uniq_enchantress, uniq_asterion
Depths:2: minmay_expanding_circles, kennysheep_small_spiral, grunt_metal_band,
          guppyfry_shop_venom, infiniplex_staircase_zigzag_2,
          serial_bayou_shore_b, firewood_loft, serial_bayou_shore_b,
          grunt_megastairs_4, serial_bayou_shore_b
Depths:3: cross_vault, rand_demon_pan_entry_7, minivault_11,
          pf_dread_powers_of_hell, hangedman_decor_riveting,
          minmay_staircase_statues_hall_small, serial_bayou_shore_b,
          uniq_saint_roka
Depths:4: evilmike_diamond_1, hell_entry, abyss_entry, uniq_margery
Depths:5: evilmike_zot_entry_basic, enter_ziggurat_b,
          minmay_misc_feat_nine_boxes, hell_entry, kennysheep_random_hallway
Zot:1:    st_large_dragon_hoard_4
Zot:2:    st_stairs_1
Zot:3:    st_stairs_1
Zot:5:    basic_stair_grate_trap
Lab:      labyrinth_hidden_loot, lab_statue, nicolae_lab_stuck,
          labyrinth_skeletal_remains
Bazaar:   bazaar_minmay_generic_island
IceCv:    ice_cave_tombish
WizLab:   wizlab_cloud
